Description

Game of Reynor against DKZherO

Replay - [ZvP] - [BASKGG]Reynor vs DKZherO - Abyssal Reef LE - 2025-01-24 12_59_41

Build Order

Get SALT Encoding   

  12  0:00  Drone  
  13  0:08  Drone  
  14  0:16  Overlord  
  14  0:23  Extractor  
  14  0:24  Drone  
  15  0:36  Drone  
  16  0:48  Hatchery  
  15  0:51  Drone x2  
  17  0:57  Drone  
  18  1:08  Extractor  
  17  1:15  Spawning Pool  
  16  1:18  Drone x2  
  18  1:27  Drone  
  21  1:59  Overlord  
  21  2:01  Queen x2  
  28  2:19  Metabolic Boost  
  29  2:25  Zergling x2  
  30  2:31  Zergling x2  
  33  2:47  Overlord  
  33  2:51  Hatchery  
  34  3:01  Queen  
  34  3:05  Overlord  
  42  3:24  Queen  
  45  3:33  Spore Crawler  
  45  3:36  Zergling x2  
  45  3:39  Overlord  
  48  3:43  Zergling x2  
  51  4:03  Spore Crawler  
  58  4:18  Zergling x2  
  60  4:25  Zergling x4  
  60  4:27  Spore Crawler  
  61  4:37  Lair  
  66  4:46  Hatchery  
  68  4:54  Evolution Chamber  
  69  5:00  Spore Crawler, Roach Warren  
  69  5:06  Extractor  
  69  5:10  Zergling x4  
  69  5:14  Queen  
  74  5:17  Zergling x2  
  77  5:22  Zerg Missile Weapons Level 1  
  86  5:42  Extractor x3  
  84  5:57  Hydralisk Den  
  85  6:02  Extractor x2  
  92  6:15  Queen  
  101  6:27  Muscular Augments  
  101  6:29  Hydralisk x2  
  109  6:34  Extractor  
  108  6:40  Spore Crawler x2  
  108  6:41  Hydralisk x4  
  111  6:47  Hydralisk x2  
  119  6:56  Hydralisk  
  123  7:04  Hydralisk  
  163  7:55  Zerg Missile Weapons Level 2  
  168  7:58  Infestation Pit  
  167  8:11  Extractor  
  173  8:14  Grooved Spines  
  173  8:25  Hatchery  
  177  8:46  Hive  
  170  8:48  Lurker Den  
  170  8:54  Evolution Chamber  
  146  9:10  Evolution Chamber  
  163  9:17  Pneumatized Carapace  
  163  9:22  Zerg Ground Armor Level 1  
  171  9:35  Overseer x2  
  170  9:59  Adrenal Glands, Zerg Melee Weapons Level 1, Ultralisk Cavern  
Spawning Tool Build Advisor. Get it on Overwolf

Go to:

Details

  • Created by: NeoShine
  • Published on: Mar 25, 2025
  • Modified on: Mar 25, 2025
  • Patch: 5.0.11
  • Difficulty: Medium
Show
View Real Time Build Order
Export as new Build Order

Comments (0)

There are no comments. Be the first!

Create an account to comment!